 Dungeon Crawl Stone Soup version 0.24.0-123-gd5b16e6ec5 (webtiles) character file.

Game seed: 11667918754443754291, levelgen mode: deterministic

414408 DildoBatman the Necromancer (level 24, -28/188 HPs)
             Began as a Formicid Wizard on Dec 30, 2019.
             Was an Initiate of Gozag.
             Killed from afar by a Brimstone Fiend (50 damage)
             ... with damnation
             ... on level 5 of a ziggurat on Dec 31, 2019.
             The game lasted 03:15:48 (42998 turns).

DildoBatman the Necromancer (Formicid Wizard)      Turns: 42998, Time: 03:15:48

Health: -28/188    AC: 24    Str: 19    XL:     24   Next: 71%
Magic:  12/45      EV: 29    Int: 33    God:    Gozag
Gold:   6394       SH: 16    Dex: 17    Spells: 20/59 levels left

rFire    + + +     SeeInvis +   a - +10 longbow "Zito" {flame, rElec rF+ Int+4 Stlth-}
rCold    + + .     Gourm    .   r - +2 shield of Resistance {rF+ rC+ MR+}
rNeg     . . .     Faith    .   o - +4 troll leather armour
rPois    +         Spirit   .   (helmet unavailable)
rElec    +         Reflect  .   y - +2 cloak of the Thief {+Fog Slay-2 SInv Stlth+}
rCorr    +         Harm     .   C - +2 pair of gloves {Dex+3}
MR       +++++                  e - +2 pair of boots {run}
Stlth    +++.......             m - amulet "Xiorycez" {RegenMP *Corrode MR+ Str+6}
HPRegen  0.81/turn              i - +5 ring of evasion
MPRegen  0.54/turn              u - +4 ring of protection

@: agile, resistant, gold aura, very slightly contaminated, invisible, quick
A: permanent stasis, dig shafts and tunnels, four strong arms, antennae 3,
repulsion field 1, magic resistance 1
}: 2/15 runes: serpentine, barnacled
a: Dig, Shaft Self, Potion Petition, Call Merchant, Bribe Branch, Renounce
Religion, Evoke Fog


You were on level 5 of a ziggurat.
You worshipped Gozag.
Gozag was greatly pleased with you.
You were full.

You visited 7 branches of the dungeon, and saw 35 of its levels.
You visited 1 ziggurat, and saw 5 of its levels.
You also visited: Gauntlet and Ice Cave.

You collected 15645 gold pieces.
You spent 6662 gold pieces at shops.
You paid 2589 gold pieces to Gozag.

Inventory:

Hand Weapons
 a - the +10 longbow "Zito" (weapon) {flame, rElec rF+ Int+4 Stlth-}
   (You took it off a minotaur on level 1 of the Shoals)

   It causes projectiles fired from it to burn those they strike, causing extra
   injury to most foes and up to half again as much damage against particularly
   susceptible opponents.
   It affects your intelligence (+4).
   It protects you from fire.
   It insulates you from electricity.
   It makes you less stealthy.
 b - the +7 pair of quick blades "Gyre" and "Gimble" {protect}
   (You found it on level 2 of the Depths)

   It grants its wielder temporary protection when it strikes (+7 to AC).
 d - the +6 hunting sling of Xom's Righteous Anger {speed, rElec rC+}
   (You found it on level 4 of the Dungeon)

   Attacks with this weapon are significantly faster.
   It protects you from cold.
   It insulates you from electricity.
Missiles
 j - 1092 arrows (quivered)
 q - 13 throwing nets
 w - 300 sling bullets
 N - 36 silver javelins
 Y - 407 bolts
Armour
 e - a +2 pair of boots of running (worn)
 o - a +4 troll leather armour (worn)
 r - the +2 shield of Resistance (worn) {rF+ rC+ MR+}
   (You found it on level 12 of the Dungeon)

   It protects you from fire.
   It protects you from cold.
   It affects your resistance to hostile enchantments.
 y - the +2 cloak of the Thief (worn) {+Fog Slay-2 SInv Stlth+}
   (You found it on level 1 of the Depths)

   It affects your accuracy and damage with ranged weapons and melee attacks
   (-2).
   It lets you see invisible.
   It makes you more stealthy.
 C - a +2 pair of gloves of dexterity (worn)
Magical Staves
 P - an uncursed staff of wizardry
Jewellery
 g - the amulet of the Air {Inacc +Fly rElec EV+5 RMsl}
   (You found it on level 4 of the Shoals)

   [amulet of inaccuracy]

   It reduces the accuracy of all your attacks.
   It affects your evasion (+5).
   It insulates you from electricity.
   It lets you fly.
   It protects you from missiles.
 h - an uncursed ring of resist corrosion
 i - a +5 ring of evasion (left hand)
 m - the amulet "Xiorycez" (around neck) {RegenMP *Corrode MR+ Str+6}
   (You found it on level 3 of a ziggurat)

   [amulet of magic regeneration]

   It increases your magic regeneration.
   It affects your strength (+6).
   It affects your resistance to hostile enchantments.
   It may corrode you when you take damage.
 u - a +4 ring of protection (right hand)
 K - an uncursed ring of protection from fire
 V - the ring of the Morning {Wiz rElec Str+2}
   (You found it on level 11 of the Dungeon)

   [ring of wizardry]

   It improves your spell success rate.
   It affects your strength (+2).
   It insulates you from electricity.
Wands
 s - a wand of scattershot (4)
 M - a wand of clouds (5)
 T - a wand of acid (64)
 U - a wand of iceblast (22)
Scrolls
 c - a scroll of enchant armour
 f - 8 scrolls of immolation
 n - a scroll of magic mapping
 x - 22 scrolls of remove curse
 z - 18 scrolls of identify
 A - 5 scrolls of fog
 G - a scroll of torment
Potions
 k - 3 potions of magic
 l - 10 potions of heal wounds
 p - 3 potions of ambrosia
 B - 3 potions of cancellation
 F - 14 potions of brilliance
 H - a potion of agility
 L - 8 potions of might
 O - 3 potions of invisibility
 Q - 18 potions of curing
 Z - a potion of resistance
Miscellaneous
 t - a fan of gales
 E - a box of beasts
 R - 3 phantom mirrors
 S - a lightning rod (4/4)
 W - a phial of floods
 X - a sack of spiders
Comestibles
 v - 18 rations


   Skills:
 - Level 15.1 Fighting
 - Level 10.0 Armour
 - Level 8.0 Dodging
 - Level 2.4 Stealth
 - Level 15.0 Shields
 - Level 18.0 Spellcasting
 - Level 6.0 Conjurations
 - Level 4.0 Charms
   Level 1.0 Summonings
 - Level 19.1 Necromancy
 - Level 0.8 Translocations
 * Level 15.1 Transmutations
   Level 5.1 Fire Magic
   Level 5.1 Air Magic
 - Level 12.0 Earth Magic


You had 20 spell levels left.
You knew the following spells:

 Your Spells              Type           Power        Failure   Level  Hunger
a - Shatter               Erth           #######...   100%        9    ######.
b - Borgnjor's Vile Clut  Necr/Erth      #######...   1%          5    None
c - Bolt of Draining      Conj/Necr      #######...   1%          5    None
d - Necromutation         Tmut/Necr      #######...   9%          8    #####..
e - Regeneration          Chrm/Necr      #######...   1%          3    None
h - Dispel Undead         Necr           ########     0%          5    None
j - Sublimation of Blood  Necr           ########..   0%          2    None
z - Shroud of Golubria    Chrm/Tloc      #####.       1%          2    None

Your spell library contained the following spells:

 Spells                   Type           Power        Failure   Level  Hunger
 Animate Skeleton         Necr           N/A          0%          1    None
 Pain                     Necr           ####         0%          1    None
 Sandblast                Erth           ######       0%          1    None
 Corpse Rot               Necr           N/A          0%          2    None
 Passwall                 Tmut/Erth      #######.     0%          2    None
 Agony                    Necr           ########     0%          5    None
 Apportation              Tloc           #####.       1%          1    None
 Confusing Touch          Hex            ####..       1%          1    None
 Corona                   Hex            ####...      1%          1    None
 Flame Tongue             Conj/Fire      #####        1%          1    None
 Infusion                 Chrm           ####         1%          1    None
 Magic Dart               Conj           ####         1%          1    None
 Shock                    Conj/Air       ####         1%          1    None
 Sting                    Conj/Pois      ####         1%          1    None
 Summon Butterflies       Summ           #####...     1%          1    None
 Summon Small Mammal      Summ           ####         1%          1    None
 Call Imp                 Summ           #####...     1%          2    None
 Poisonous Vapours        Pois/Air       #####.       1%          2    None
 Song of Slaying          Chrm           ######..     1%          2    None
 Conjure Flame            Conj/Fire      ######..     1%          3    None
 Dazzling Spray           Conj/Hex       #####.       1%          3    None
 Ignite Poison            Fire/Tmut/Pois ######..     1%          3    None
 Mephitic Cloud           Conj/Pois/Air  ######..     1%          3    None
 Spectral Weapon          Hex/Chrm       #####...     1%          3    None
 Static Discharge         Conj/Air       ######..     1%          3    None
 Stone Arrow              Conj/Erth      ######       1%          3    None
 Leda's Liquefaction      Hex/Erth       ######....   1%          4    None
 Petrify                  Tmut/Erth      #######.     1%          4    None
 Sticky Flame             Conj/Fire      ######..     1%          4    None
 Alistair's Intoxication  Tmut/Pois      ######..     1%          5    None
 Excruciating Wounds      Chrm/Necr      #######...   1%          5    None
 Lee's Rapid Deconstruct  Erth           #######...   1%          5    None
 Death Channel            Necr           ########..   1%          6    None
 Hydra Form               Tmut           #######...   1%          6    None
 Ensorcelled Hibernation  Hex/Ice        ####..       2%          2    None
 Slow                     Hex            ####....     2%          2    None
 Gell's Gravitas          Tloc           #####.....   3%          3    None
 Lesser Beckoning         Tloc           #####.....   3%          3    None
 Portal Projectile        Hex/Tloc       ####..       3%          3    None
 Force Lance              Conj/Tloc      ######..     3%          4    None
 Borgnjor's Revivificati  Necr           ########..   3%          8    #####..
 Infestation              Necr           ########..   3%          8    #####..
 Confuse                  Hex            ####....     4%          3    None
 Tukima's Dance           Hex            ####....     4%          3    None
 Fireball                 Conj/Fire      ######....   4%          5    None
 Lightning Bolt           Conj/Air       ######....   4%          5    None
 Simulacrum               Ice/Necr       #######...   4%          6    None
 Haunt                    Necr/Summ      #######...   21%         7    ###....
 Bolt of Fire             Conj/Fire      ######....   22%         6    None
 Conjure Ball Lightning   Conj/Air       ######....   22%         6    None
 Summon Forest            Summ/Tloc      #####.....   26%         5    None
 Deflect Missiles         Chrm/Air       ######....   32%         6    None
 Freezing Cloud           Conj/Ice/Air   ######....   43%         6    None
 Death's Door             Chrm/Necr      #######...   63%         8    #####..
 Orb of Destruction       Conj           ######....   71%         7    ###....
 Dispersal                Tloc           #####.....   83%         6    None
 Ring of Flames           Chrm/Fire      ######....   88%         7    ###....
 Invisibility             Hex            ####....     91%         6    None
 Summon Hydra             Summ           #####.....   100%        7    ###....
 Disjunction              Tloc           #####.....   100%        8    #####..
 Ignition                 Fire           ######....   100%        8    #####..
 Tornado                  Air            ######....   100%        9    ######.
 Blink                    Tloc           Unusable     N/A         2    N/A
 Controlled Blink         Tloc           Unusable     N/A         8    N/A

Dungeon Overview and Level Annotations

Branches:
Dungeon (15/15)            Temple (1/1) D:7            Lair (6/6) D:10
 Shoals (4/4) Lair:3        Snake (4/4) Lair:2        Slime (0/5) Lair:5
    Orc (2/2) D:10            Elf (0/3) Orc:2        Vaults (0/5) D:13
 Depths (3/5) D:15          IceCv (visited)         Gauntlet (visited)

Altars:
Ashenzari
Cheibriados
Dithmenos
Elyvilon
Fedhas
Gozag
Hepliaklqana
Kikubaaqudgha
Makhleb
Nemelex Xobeh
Okawaru
Qazlal
Ru
Sif Muna
Trog
Uskayaw
Vehumet
Wu Jian
Xom
Yredelemnul
Zin
The Shining One

Shops:
D:7 *   D:14 *   D:15 :   Orc:2 *}(?   Shoals:3 [*%*   Snake:1 ((*}
Depths:3 [[*

Portals:
Hell: Depths:1 Depths:2 Depths:3
Abyss: Depths:1 Depths:3
Pandemonium: Depths:1 Depths:3


Innate Abilities, Weirdness & Mutations

You cannot be hasted, slowed, berserked, paralysed or teleported.
You can dig through walls and to a lower floor.
Your four strong arms can wield two-handed weapons with a shield.
You have a pair of large antennae on your head. (SInv)
You are surrounded by a mild repulsion field. (EV +2)
You are resistant to hostile enchantments. (MR+)


Message History

You feel protected.
You fade into invisibility!
You feel agile all of a sudden.
You feel yourself come back to life.
The zombie hands constrict Riapucip!
The zombie hands constrict the hell beast!
Riapucip struggles to escape constriction.
You are very lightly contaminated with residual magic. [a] - 510 gold - resistance, flight and agility [b] - 72 gold - flight [c] - 200 gold - resistance Purchase which effect?
You feel protected.
The zombie hands constrict Riapucip!
The zombie hands constrict the hell beast.
The Brimstone Fiend gestures at you.
The sphere of damnation explodes!
The damnation engulfs you!!!
You die...
Your body crumbles into a pile of gold.

▓▓▓▓▓▓▓▓▓
▓.......▓
▓▓▓▓.......▓▓
▓............
▓......&(..t[
▓.......2...?
▓∩.@.$1.($(??
▓...........1
▓...........!
▓............
▓▓▓▓.......▓▓
▓.......▓
▓▓▓▓▓▓▓▓▓


You could see Riapucip, a Brimstone Fiend and a hell beast.

Vanquished Creatures
  A juggernaut (Depths:2)
  An ancient lich (Depths:3)
  A pandemonium lord (Zig:3)
  A shard shrike (Zig:4)
  the Enchantress (Depths:2)
  A tentacled monstrosity (Depths:2)
  3 liches (Depths:2)
  2 titans (Depths:2)
  2 sphinxes
  2 krakens
  Gastronok (Lair:1)
  A shadow dragon (Depths:2)
  Kirke (D:12)
  2 tengu reavers (Depths:2)
  4 fire giants
  Ilsuiw (Shoals:3)
  9 nagarajas
  2 iron dragons (Depths:2)
  A warmonger (Zig:3)
  A frost giant (shapeshifter) (Zig:5)
  A draconian shifter (Zig:1)
  2 orc warlords
  6 frost giants
  A reaper (IceCv)
  4 spriggan defenders
  4 very ugly things (Depths:1)
  2 vampire knights
  2 entropy weavers (Lair:4)
  An entropy weaver (shapeshifter) (Depths:2)
  5 stone giants
  2 minotaurs
  A deep elf demonologist (Depths:2)
  Snorg (D:13)
  A blizzard demon (Zig:4)
  4 spark wasps
  A green death (Gauntlet)
  4 ettins
  5 merfolk javelineers
  12 merfolk impalers
  Erolcha (D:9)
  7 fire dragons
  2 great orbs of eyes (Depths:1)
  The ghost of jf82 the Severer, a journeyman HOMo of Dithmenos (D:11)
  Fannar (D:12)
  8 ice dragons
  A yaktaur captain (Depths:2)
  5 spriggan air magi
  An alligator snapping turtle (Shoals:1)
  6 rakshasas
  18 naga warriors
  A catoblepas (D:14)
  3 merfolk avatars
  4 ogre magi
  4 hydras
  4 anacondas
  9 merfolk aquamancers
  5 centaur warriors
  14 two-headed ogres
  4 deep troll shamans
  3 satyrs
  A queen ant (Lair:4)
  A death knight (D:13)
  A death scarab (Gauntlet)
  7 deep troll earth magi
  5 orc high priests (Orc:2)
  7 tengu warriors
  6 shock serpents
  3 vampire magi
  6 spriggan berserkers
  9 naga sharpshooters
  3 soul eaters (Depths:3)
  3 shadow wraiths (Depths:3)
  Sonja (Lair:6)
  5 iron trolls
  7 skeletal warriors
  A fire crab (shapeshifter) (Depths:1)
  Nergalle (D:12)
  A death drake (Depths:3)
  2 orange crystal statues (Depths:3)
  A spectral anaconda (Depths:3)
  8 deep trolls
  3 unseen horrors
  16 sea snakes
  A deep elf archer (D:15)
  7 flayed ghosts
  2 spectral hydras
  6 glowing orange brains
  2 wizards
  4 naga ritualists
  9 harpies
  A kraken simulacrum (Shoals:4)
  A phantasmal warrior (Depths:3)
  The ghost of Froggeryz the Charmwright, a novice GnSk (D:5)
  4 orc knights (Orc:2)
  14 manticores
  7 mana vipers
  2 deep elf magi (D:15)
  22 fauns
  4 orc sorcerers
  An elephant (Shoals:1)
  A manticore (shapeshifter) (D:15)
  9 cyclopes
  41 ugly things
  11 salamanders
  2 ice statues (IceCv)
  8 naga magi
  An apocalypse crab (Zig:5)
  30 black mambas
  16 merfolk sirens
  4 molten gargoyles (D:14)
  4 water nymphs
  Joseph (D:9)
  An orange demon (Gauntlet)
  3 death yak zombies
  A gargoyle (D:12)
  9 spiny frogs
  3 komodo dragons
  A spiny frog (shapeshifter) (D:13)
  6 rime drakes
  7 yaktaurs
  A freezing wraith (D:14)
  A catoblepas zombie (Lair:2)
  A demonic crawler (Zig:2)
  A spectral merfolk (Depths:3)
  7 ice devils (IceCv)
  A redback zombie (D:15)
  2 death yak skeletons (Lair:6)
  7 trolls
  A jumping spider (D:15)
  3 tengu conjurers
  3 meliai (Shoals:1)
  2 hydra zombies
  5 wind drakes
  9 polar bears
  Grinder (D:4)
  29 merfolk
  15 hornets
  4 hydra skeletons
  9 snapping turtles
  18 dream sheep
  23 hippogriffs
  15 slime creatures
  3 raiju (Depths:3)
  3 black mamba zombies
  2 centaur simulacra
  22 spriggans
  12 wraiths
  5 shadows
  34 yaks
  5 redbacks
  11 water elementals
  A tarantella (Zig:2)
  A vampire (D:9)
  An elf zombie (Gauntlet)
  5 basilisks
  11 wyverns
  A yak (shapeshifter) (D:15)
  A human (D:12)
  4 chaos spawn
  A golden eye (shapeshifter) (D:15)
  4 hogs (D:12)
  5 black mamba skeletons
  3 swamp worms (Lair:1)
  Menkaure (D:4)
  2 hungry ghosts
  6 vampire mosquitoes
  4 wargs
  56 nagas
  2 acid dragons (D:15)
  A floating eye (Depths:3)
  7 hell hounds (Depths:3)
  19 soldier ants
  A hydra simulacrum (Depths:3)
  2 spectral trolls (Depths:3)
  A floating eye (shapeshifter) (Depths:1)
  6 porcupines
  7 water moccasins
  2 spectral spriggans (Depths:3)
  8 large abominations (Depths:1)
  4 spiny frog zombies
  A swamp drake (D:10)
  A dream sheep zombie (Lair:2)
  34 orc warriors
  12 black bears
  An eye of draining (D:9)
  2 spiny frog skeletons (Lair:1)
  13 ice beasts
  An elephant zombie (Lair:3)
  8 sky beasts
  2 snapping turtle zombies (Depths:3)
  A boggart (shapeshifter) (Depths:2)
  17 ogres
  10 boggarts
  19 centaurs
  32 wolves
  8 crocodiles
  2 torpor snail zombies
  A rime drake zombie (Gauntlet)
  A hippogriff zombie (Lair:3)
  20 bullfrogs
  4 big kobolds
  6 rime drake skeletons (IceCv)
  5 komodo dragon zombies
  A gnoll sergeant (D:9)
  3 komodo dragon skeletons
  4 water moccasin zombies
  A hippogriff skeleton (Lair:1)
  A scorpion (D:13)
  2 water moccasin skeletons
  A spectral ogre (Depths:3)
  2 spectral nagas (Depths:3)
  7 wights
  2 howler monkeys (D:9)
  A spectral bullfrog (D:11)
  3 spectral centaurs (Depths:3)
  5 crimson imps
  3 small abominations (Depths:1)
  A wyvern simulacrum (D:11)
  A quasit (D:8)
  3 bullfrog zombies
  3 centaur zombies
  5 hounds
  11 jellies
  27 orc priests
  4 bullfrog skeletons
  10 centaur skeletons
  29 orc wizards
  20 worker ants
  2 porcupine skeletons
  A crocodile zombie (Lair:2)
  2 bullfrog simulacra (D:11)
  A howler monkey zombie (D:9)
  A howler monkey skeleton (D:4)
  5 gnolls (D:9)
  15 adders
  A naga simulacrum (Depths:3)
  3 shadow imps
  8 white imps
  A worker ant simulacrum (D:11)
  5 ufetubi (IceCv)
  2 oozes (Lair:5)
  An adder skeleton (D:7)
  3 dart slugs
  3 leopard geckos
  110 orcs
  7 giant cockroaches
  9 goblins
  8 hobgoblins
  3 iguanas
  13 jackals
  19 kobolds
  5 quokkas
  4 ball pythons
  7 bats
  5 frilled lizards
  A jackal skeleton (D:4)
  A jackal zombie (D:5)
  A leopard gecko skeleton (D:5)
  7 rats
  A butterfly (Lair:5)
  6 fungi
  18 plants
  5 tentacles
1601 creatures vanquished.

Vanquished Creatures (collateral kills)
  2 soldier ants (Lair:4)
2 creatures vanquished.

Vanquished Creatures (others)
  3 dancing weapons (Depths:3)
  A harpy (shapeshifter) (Depths:2)
  A black mamba (Snake:4)
  A wraith (Depths:3)
  A wolf (Depths:3)
  A spectral naga (Depths:3)
  2 white imps (IceCv)
  7 ufetubi (IceCv)
  24 fungi
  24 plants
  31 tentacles
96 creatures vanquished.

Grand Total: 1699 creatures vanquished

Notes
Turn   | Place    | Note
-------+----------+-------------------------------------------
     0 | D:1      | DildoBatman the Formicid Wizard began the quest for the
                  | Orb.
     0 | D:1      | Reached XP level 1. HP: 13/13 MP: 4/4
    77 | D:1      | Reached skill level 1 in Conjurations
   274 | D:1      | Reached XP level 2. HP: 19/19 MP: 4/6
   311 | D:1      | Found a sparkling altar of Nemelex Xobeh.
  1003 | D:2      | Reached XP level 3. HP: 24/24 MP: 2/7
  1008 | D:2      | Learned a level 3 spell: Conjure Flame
  1012 | D:2      | Learned a level 3 spell: Mephitic Cloud
  1486 | D:2      | Reached XP level 4. HP: 28/30 MP: 1/8
  1778 | D:2      | You fall into a shaft and drop 1 floor!
  2005 | D:3      | Reached XP level 5. HP: 30/35 MP: 3/9
  2720 | D:3      | Found a sacrificial altar of Ru.
  2909 | D:4      | Reached XP level 6. HP: 36/41 MP: 7/10
  2955 | D:4      | Reached skill level 5 in Conjurations
  3121 | D:4      | Found a shimmering altar of Xom.
  3203 | D:4      | Got a dazzling hunting sling
  3204 | D:4      | Identified the +6 hunting sling of Xom's Righteous Anger
                  | {speed, rElec rC+} (You found it on level 4 of the Dungeon)
  3221 | D:5      | Entered Level 5 of the Dungeon
  3243 | D:5      | Found a blossoming altar of Fedhas.
  3365 | D:5      | Reached XP level 7. HP: 41/46 MP: 7/11
  3486 | D:5      | Found a radiant altar of Vehumet.
  3568 | D:6      | Reached skill level 1 in Fire Magic
  3568 | D:6      | Reached skill level 1 in Air Magic
  3681 | D:6      | Found a blossoming altar of Fedhas.
  3889 | D:6      | Found an iron altar of Okawaru.
  4000 | D:6      | Found a shattered altar of Ashenzari.
  4501 | D:7      | Found Nutzeaq's Assorted Antiques.
  4504 | D:7      | Bought 2 fizzy red potions for 39 gold pieces
  4504 | D:7      | Bought a fizzy green potion for 19 gold pieces
  4504 | D:7      | Bought a scroll labeled WARGHA CAHAONO for 22 gold pieces
  4504 | D:7      | Bought a scroll labeled OCSECWA BANKIA for 22 gold pieces
  4504 | D:7      | Bought a scroll of identify for 44 gold pieces
  4522 | D:7      | Found a white marble altar of Elyvilon.
  4534 | D:7      | Reached XP level 8. HP: 52/52 MP: 8/12
  5051 | D:7      | Found a staircase to the Ecumenical Temple.
  5057 | Temple   | Entered the Ecumenical Temple
  5236 | Temple   | Became a worshipper of Kikubaaqudgha
  5510 | D:7      | Noticed a spriggan baker
  5515 | D:7      | Killed a spriggan baker
  6018 | D:5      | Reached skill level 5 in Fire Magic
  6022 | D:5      | Found a runed translucent gate.
  6022 | D:5      | Found a runed translucent gate.
  6024 | D:5      | Found a runed translucent gate.
  6024 | D:5      | Noticed Froggeryz's ghost (novice GnSk)
  6264 | D:4      | Got an ichor-stained leather armour
  6275 | D:4      | Identified the +2 leather armour "Wodyu" {rN+++} (You found
                  | it on level 4 of the Dungeon)
  6337 | D:4      | Noticed Menkaure
  6343 | D:4      | Killed Menkaure
  6343 | D:4      | Reached skill level 5 in Air Magic
  6343 | D:4      | Reached XP level 9. HP: 38/57 MP: 6/13
  6376 | D:4      | Noticed Grinder
  6441 | D:5      | Reached skill level 1 in Necromancy
  6497 | D:4      | Reached skill level 2 in Necromancy
  6573 | D:4      | Reached * piety under Kikubaaqudgha
  6573 | D:4      | Identified Kikubaaqudgha's Grimoire of Darkness
                  | (Kikubaaqudgha gifted it to you on level 4 of the Dungeon)
  6573 | D:4      | Received a gift from Kikubaaqudgha
  6578 | D:4      | Learned a level 2 spell: Sublimation of Blood
  6584 | D:4      | Learned a level 3 spell: Regeneration
  6740 | D:4      | Reached skill level 3 in Necromancy
  6777 | D:4      | Killed Grinder
  6777 | D:4      | Reached skill level 4 in Necromancy
  7255 | D:8      | Reached skill level 5 in Necromancy
  7360 | D:8      | Reached skill level 6 in Necromancy
  7442 | D:8      | Reached skill level 1 in Charms
  7650 | D:8      | Reached XP level 10. HP: 63/63 MP: 10/14
  7770 | D:8      | Reached skill level 7 in Necromancy
  7900 | D:9      | Reached ** piety under Kikubaaqudgha
  8005 | D:9      | Reached skill level 1 in Fighting
  8005 | D:9      | Reached skill level 1 in Armour
  8016 | D:9      | Noticed Joseph
  8055 | D:9      | Noticed Erolcha
  8078 | D:9      | Killed Erolcha
  8348 | D:9      | Reached skill level 8 in Necromancy
  8866 | D:9      | Killed Joseph
  8866 | D:9      | Reached XP level 11. HP: 67/77 MP: 3/15
  8956 | D:9      | Noticed a two-headed ogre
  8956 | D:9      | Noticed a four-headed hydra
  9031 | D:8      | Killed a two-headed ogre
  9130 | D:9      | Killed a four-headed hydra
  9130 | D:9      | Reached skill level 5 in Fighting
  9130 | D:9      | Reached skill level 5 in Armour
  9167 | D:9      | Noticed an unseen horror
  9167 | D:9      | Noticed a cyclops
  9231 | D:9      | Killed a cyclops
  9369 | D:9      | Reached skill level 5 in Dodging
  9391 | D:9      | Reached skill level 9 in Necromancy
  9571 | D:9      | Killed an unseen horror
  9571 | D:9      | Reached skill level 1 in Shields
  9605 | D:9      | Found an opulent altar of Gozag.
  9605 | D:9      | Found an ornate altar of the Wu Jian Council.
  9784 | D:10     | Entered Level 10 of the Dungeon
  9798 | D:9      | Reached *** piety under Kikubaaqudgha
  9798 | D:9      | Identified Kikubaaqudgha's Tome of Darkness (Kikubaaqudgha
                  | gifted it to you on level 9 of the Dungeon)
  9798 | D:9      | Received a gift from Kikubaaqudgha
  9806 | D:9      | Learned a level 5 spell: Dispel Undead
 10080 | D:10     | Found a staircase to the Lair.
 10672 | D:10     | Found a staircase to the Orcish Mines.
 10960 | D:11     | Noticed a cyclops
 10963 | D:11     | Noticed a two-headed ogre
 11078 | D:11     | Reached skill level 5 in Spellcasting
 11182 | D:11     | Noticed a centaur warrior
 11182 | D:11     | Noticed a two-headed ogre
 11213 | D:11     | Reached **** piety under Kikubaaqudgha
 11215 | D:11     | Killed a centaur warrior
 11215 | D:11     | Reached XP level 12. HP: 43/87 MP: 8/22
 11215 | D:11     | Killed a two-headed ogre
 11247 | D:11     | Learned a level 5 spell: Borgnjor's Vile Clutch
 11286 | D:11     | Reached skill level 1 in Earth Magic
 11291 | D:11     | Noticed a tengu warrior
 11291 | D:11     | Noticed a two-headed ogre
 11292 | D:11     | Noticed an ice dragon
 11293 | D:11     | Found a runed translucent door.
 11363 | D:11     | Killed a two-headed ogre
 11438 | D:11     | Found a runed translucent gate.
 11438 | D:11     | Found a runed translucent gate.
 11438 | D:11     | Found a runed translucent gate.
 11440 | D:11     | Noticed jf82's ghost (journeyman HOMo)
 11570 | D:11     | Reached skill level 5 in Earth Magic
 11835 | D:12     | Noticed an ice dragon
 11837 | D:12     | Found a runed translucent door.
 11837 | D:12     | Noticed an ice dragon
 11837 | D:12     | Noticed a fire dragon
 11838 | D:12     | Found the +2 shield of Resistance {rF+ rC+ MR+}
 11841 | D:12     | Noticed a fire dragon
 11871 | D:12     | Noticed a two-headed ogre
 11887 | D:12     | Killed a two-headed ogre
 11982 | D:12     | Noticed Fannar
 12008 | D:12     | Killed Fannar
 12132 | D:12     | Noticed Kirke
 12145 | D:12     | Reached ***** piety under Kikubaaqudgha
 12446 | D:12     | Noticed an unseen horror
 12454 | D:12     | Killed an unseen horror
 12454 | D:12     | Reached XP level 13. HP: 76/93 MP: 19/24
 12472 | D:12     | Noticed Nergalle
 12482 | D:12     | Killed Nergalle
 12482 | D:12     | Reached skill level 10 in Earth Magic
 12482 | D:12     | Reached skill level 10 in Necromancy
 12527 | D:12     | Killed Kirke
 12594 | D:12     | Found a runed translucent door.
 12832 | D:5      | Killed Froggeryz's ghost
 13036 | D:11     | Killed an ice dragon
 13122 | D:11     | Got a pair of distressingly furry boots
 13124 | D:11     | Got a scorched scale mail
 13126 | D:11     | Got a vibrating copper ring
 13143 | D:11     | Identified the cursed +0 pair of boots of Xom's Indignation
                  | {rElec MR- Dex-3 Slay+4} (You found it on level 11 of the
                  | Dungeon)
 13162 | D:11     | Identified the ring of the Morning {Wiz rElec Str+2} (You
                  | found it on level 11 of the Dungeon)
 13201 | D:11     | Killed jf82's ghost
 13304 | D:12     | Killed a fire dragon
 13305 | D:12     | Killed an ice dragon
 13308 | D:12     | Killed an ice dragon
 13309 | D:12     | Killed a fire dragon
 13446 | Orc:1    | Entered Level 1 of the Orcish Mines
 13678 | Orc:2    | Entered Level 2 of the Orcish Mines
 13861 | Orc:2    | Noticed an orc warlord
 13898 | Orc:2    | Killed an orc warlord
 13898 | Orc:2    | Reached XP level 14. HP: 64/103 MP: 14/25
 13987 | Orc:2    | Found a staircase to the Elven Halls.
 14141 | Orc:2    | Reached ****** piety under Kikubaaqudgha
 14187 | Orc:1    | Received a gift from Kikubaaqudgha
 14191 | Orc:1    | Fell from the grace of Kikubaaqudgha
 14295 | D:9      | Became a worshipper of Gozag Ym Sagoz the Greedy
 14425 | Lair:1   | Entered Level 1 of the Lair of Beasts
 14794 | Lair:1   | Noticed Gastronok
 14805 | Lair:1   | Killed Gastronok
 15311 | Lair:1   | Got an ichor-stained mace
 15312 | Lair:1   | Identified the cursed +1 mace "Laalyihu" {flame, rPois rC-
                  | Str+5} (You found it on level 1 of the Lair of Beasts)
 15548 | Lair:2   | Learned a level 5 spell: Bolt of Draining
 15572 | Lair:2   | Found a staircase to the Snake Pit.
 15597 | Lair:2   | Found a gate leading to a gauntlet.
 15625 | Gauntlet | Entered a Gauntlet
 15625 | Gauntlet | Found a transporter.
 15625 | Gauntlet | Found a large runed translucent door.
 15625 | Gauntlet | Found a large runed translucent door.
 15625 | Gauntlet | Found a large runed translucent door.
 15625 | Gauntlet | Found a large runed translucent door.
 15625 | Gauntlet | Found a runed translucent door.
 15625 | Gauntlet | Found a runed translucent door.
 15625 | Gauntlet | Found a large runed translucent door.
 15625 | Gauntlet | Found a large runed translucent door.
 15625 | Gauntlet | Found a large runed translucent door.
 15625 | Gauntlet | Found a large runed translucent door.
 15625 | Gauntlet | Found a large runed translucent door.
 15625 | Gauntlet | Found a large runed translucent door.
 15626 | Gauntlet | Found a large runed translucent door.
 15626 | Gauntlet | Found a large runed translucent door.
 15639 | Gauntlet | Found a transporter.
 15649 | Gauntlet | Found a transporter.
 15654 | Gauntlet | Found a transporter.
 15669 | Gauntlet | Found a transporter.
 15688 | Gauntlet | Found a transporter.
 15700 | Gauntlet | Found a transporter.
 15706 | Gauntlet | Found a transporter.
 15721 | Gauntlet | Found a transporter.
 15733 | Gauntlet | Found a transporter.
 15739 | Gauntlet | Found a transporter.
 15739 | Gauntlet | Found a transporter.
 15754 | Gauntlet | Found a transporter.
 15773 | Gauntlet | Found a transporter.
 15790 | Gauntlet | Found a transporter.
 15808 | Gauntlet | Found a large runed translucent door.
 15809 | Gauntlet | Found a large runed translucent door.
 15813 | Gauntlet | Found a runed translucent gate.
 15813 | Gauntlet | Found a runed translucent gate.
 15813 | Gauntlet | Found a runed translucent gate.
 15815 | Gauntlet | Found a transporter.
 15817 | Gauntlet | Found a transporter.
 15823 | Gauntlet | Found a large runed translucent door.
 15824 | Gauntlet | Found a large runed translucent door.
 15837 | Gauntlet | Found a transporter.
 16143 | Gauntlet | Got a flickering silver ring
 16153 | Gauntlet | Identified the ring "Rar Tic" {AC+3 Str+4} (You found it in
                  | a Gauntlet)
 16222 | Gauntlet | Got a translucent wooden ring
 16258 | Gauntlet | Identified the ring of Departure {rPois Str+5 SInv Stlth-}
                  | (You found it in a Gauntlet)
 16265 | Gauntlet | Noticed a minotaur
 16281 | Gauntlet | Killed a minotaur
 16579 | Lair:2   | Got a pair of transparent gloves
 16640 | Lair:2   | Identified the +0 pair of gloves of Kidet {rElec rF+++
                  | Regen+ Str-3 Int-3} (You found it on level 2 of the Lair of
                  | Beasts)
 17374 | Lair:3   | Reached skill level 10 in Fighting
 17436 | Lair:3   | Found a staircase to the Shoals.
 17633 | Lair:3   | Noticed a reaper
 19525 | Lair:4   | Noticed an entropy weaver
 19539 | Lair:4   | Killed an entropy weaver
 19547 | Lair:4   | Noticed an entropy weaver
 19720 | Lair:4   | Killed an entropy weaver
 19720 | Lair:4   | Reached XP level 15. HP: 63/126 MP: 17/26
 20101 | Lair:5   | Found a staircase to the Slime Pits.
 20861 | Lair:6   | Entered Level 6 of the Lair of Beasts
 20890 | Lair:6   | Reached skill level 15 in Fighting
 20944 | Lair:6   | Found a frozen archway.
 20971 | IceCv    | Entered an ice cave
 21410 | IceCv    | Noticed a reaper
 21441 | IceCv    | Killed a reaper
 22023 | Lair:6   | Reached skill level 10 in Spellcasting
 22568 | Lair:6   | Noticed Sonja
 22590 | Lair:6   | Killed Sonja
 22686 | Lair:6   | Was forgiven by Kikubaaqudgha
 23315 | Orc:1    | Noticed an orc warlord
 23342 | Orc:1    | Killed an orc warlord
 23841 | Orc:2    | Reached XP level 16. HP: 132/132 MP: 17/32
 24082 | Orc:2    | Found Ihanerph's Gadget Emporium.
 24082 | Orc:2    | Found Dophyr's General Store.
 24086 | Orc:2    | Found Dejaria's Antique Weapon Boutique.
 24086 | Orc:2    | Found Buatt's Magic Scroll Emporium.
 24207 | Orc:2    | Bought a wand of acid (7) for 308 gold pieces
 24207 | Orc:2    | Bought a wand of iceblast (4) for 112 gold pieces
 24210 | Orc:2    | Bought a scroll of enchant armour for 120 gold pieces
 24210 | Orc:2    | Bought a scroll of enchant armour for 120 gold pieces
 24210 | Orc:2    | Bought a scroll of identify for 32 gold pieces
 24210 | Orc:2    | Bought 2 scrolls of identify for 64 gold pieces
 24210 | Orc:2    | Bought a scroll of immolation for 56 gold pieces
 24210 | Orc:2    | Bought a scroll of immolation for 56 gold pieces
 24213 | Orc:2    | Bought a scroll of acquirement for 572 gold pieces
 24213 | Orc:2    | Bought a potion of brilliance for 44 gold pieces
 24469 | D:10     | Learned a level 8 spell: Necromutation
 24523 | D:13     | Noticed Snorg
 24539 | D:13     | Killed Snorg
 24806 | D:13     | Found a shattered altar of Ashenzari.
 25292 | D:13     | Found a gate to the Vaults.
 25833 | D:14     | Reached skill level 15 in Spellcasting
 26018 | D:14     | Found Taptelorch's Assorted Antiques.
 26022 | D:14     | Bought a scroll labeled KOLIGG MINEO for 32 gold pieces
 26022 | D:14     | Bought a scroll of enchant armour for 240 gold pieces
 26022 | D:14     | Bought a lumpy golden potion for 28 gold pieces
 26022 | D:14     | Bought a scroll of amnesia for 112 gold pieces
 26022 | D:14     | Bought a potion of might for 128 gold pieces
 26022 | D:14     | Bought a potion of curing for 96 gold pieces
 26126 | D:14     | You fall into a shaft and drop 1 floor!
 26126 | D:15     | Entered Level 15 of the Dungeon
 26200 | D:15     | Reached XP level 17. HP: 138/138 MP: 1/36
 26311 | D:15     | Found Baonouca's Book Emporium.
 27067 | D:15     | Found a staircase to the Depths.
 27937 | Snake:1  | Entered Level 1 of the Snake Pit
 27995 | Snake:1  | Found Tiowiypn's General Store.
 28015 | Snake:1  | Bought a scroll of amnesia for 35 gold pieces
 28020 | Snake:1  | Found Yniel's Weapon Shoppe.
 28107 | Snake:1  | Found Hihasom's General Store.
 28222 | Snake:1  | Found Kinaress's Weapon Shop.
 28346 | Snake:1  | Found an ornate altar of the Wu Jian Council.
 28396 | Snake:1  | Found Fistriant's Gadget Shoppe.
 28400 | Snake:1  | Bought a wand of acid (10) for 364 gold pieces
 28400 | Snake:1  | Bought a wand of acid (10) for 364 gold pieces
 29731 | Snake:3  | Reached XP level 18. HP: 137/145 MP: 17/40
 30324 | Snake:4  | Entered Level 4 of the Snake Pit
 30741 | Snake:4  | Reached skill level 10 in Armour
 30820 | Snake:4  | Reached skill level 11 in Necromancy
 30993 | Snake:4  | Reached skill level 10 in Shields
 31174 | Snake:4  | Got a serpentine rune of Zot
 31983 | Shoals:1 | Entered Level 1 of the Shoals
 32040 | Shoals:1 | Reached skill level 12 in Necromancy
 32128 | Shoals:1 | Reached XP level 19. HP: 151/151 MP: 20/41
 32735 | Shoals:1 | Found a hide-covered altar of Uskayaw.
 32770 | Shoals:1 | Identified the +10 longbow "Zito" {flame, rElec rF+ Int+4
                  | Stlth-}
 33266 | Shoals:1 | Gained mutation: You are surrounded by a mild repulsion
                  | field. (EV +2) [potion of mutation]
 33266 | Shoals:1 | Gained mutation: You are resistant to hostile enchantments.
                  | (MR+) [potion of mutation]
 33272 | Shoals:1 | Reached XP level 20. HP: 162/162 MP: 42/42
 33701 | Shoals:2 | Reached skill level 15 in Shields
 34575 | Shoals:3 | Noticed Ilsuiw
 34576 | Shoals:3 | Found Fofuj's Food Shoppe.
 34595 | Shoals:3 | Killed Ilsuiw
 34595 | Shoals:3 | Reached skill level 13 in Necromancy
 34682 | Shoals:3 | Found Xeomaopo's Assorted Antiques.
 34691 | Shoals:3 | Bought a scroll of immolation for 129 gold pieces
 34750 | Shoals:3 | Found Lijot's Antique Armour Shop.
 34768 | Shoals:3 | Bought a pair of runed gloves for 187 gold pieces
 34811 | Shoals:3 | Found Vix Lon's Assorted Antiques.
 34814 | Shoals:3 | Bought 2 potions of curing for 138 gold pieces
 34814 | Shoals:3 | Bought a potion of heal wounds for 115 gold pieces
 34814 | Shoals:3 | Bought a potion of curing for 69 gold pieces
 35243 | Shoals:4 | Entered Level 4 of the Shoals
 35424 | Shoals:4 | Reached skill level 14 in Necromancy
 35455 | Shoals:4 | Reached XP level 21. HP: 157/168 MP: 4/43
 35623 | Shoals:4 | Reached skill level 15 in Necromancy
 35770 | Shoals:4 | Found the amulet of the Air {Inacc +Fly rElec EV+5 RMsl}
 36033 | Shoals:4 | Got a barnacled rune of Zot
 36904 | Depths:1 | Entered Level 1 of the Depths
 36956 | Depths:1 | Reached skill level 1 in Transmutations
 37246 | Depths:1 | Found a gateway to Hell.
 37405 | Depths:1 | Found the +3 hat of Pondering {ponderous, MR+ MP+10 Int+5}
 37418 | Depths:1 | Identified the +6 trident of the Head {holy, rC+ MR+}
 37420 | Depths:1 | Found the +2 cloak of the Thief {+Fog Slay-2 SInv Stlth+}
 37436 | Depths:1 | Reached skill level 16 in Necromancy
 37436 | Depths:1 | Reached skill level 5 in Transmutations
 37441 | Depths:1 | Identified the amulet "Nuro" {Acrobat rN++ Str+3}
 37577 | Depths:1 | Identified the Grimoire of the Fiery Birds
 37855 | Depths:1 | Found a one-way gate to the infinite horrors of the Abyss.
 37907 | Depths:1 | Found a one-way gate leading to the halls of Pandemonium.
 38416 | Depths:2 | Reached XP level 22. HP: 147/175 MP: 31/44
 38714 | Depths:2 | Reached skill level 17 in Necromancy
 38759 | Depths:2 | Noticed the Enchantress
 38766 | Depths:2 | Killed the Enchantress
 39034 | Depths:2 | Reached skill level 10 in Transmutations
 39144 | Depths:2 | Noticed a juggernaut
 39212 | Depths:2 | Found the +7 pair of quick blades "Gyre" and "Gimble"
                  | {protect}
 39232 | Depths:2 | Killed a juggernaut
 39413 | Depths:2 | Identified the Handbook of Assistive Confrontation
 39757 | Depths:2 | Reached skill level 18 in Necromancy
 40225 | Depths:3 | Reached XP level 23. HP: 181/181 MP: 33/45
 40567 | Depths:3 | Noticed an ancient lich
 40571 | Depths:3 | Killed an ancient lich
 41313 | Depths:3 | Reached skill level 19 in Necromancy
 41313 | Depths:3 | Reached XP level 24. HP: 188/188 MP: 41/45
 41608 | Depths:3 | Found a gateway to a ziggurat.
 41609 | Depths:3 | Found the ring of Shadows {Umbra +Inv Stlth+}
 42132 | Depths:3 | Got an ichor-stained crystal plate armour
 42143 | Depths:3 | Identified the +1 crystal plate armour of Pahac {+Inv} (You
                  | acquired it on level 3 of the Depths)
 42156 | Depths:3 | Got a fine cloak
 42167 | Depths:3 | Identified the +1 cloak of the Meadowlark {rCorr} (You
                  | acquired it on level 3 of the Depths)
 42376 | D:15     | Bought a book of the Tempests for 910 gold pieces
 42376 | D:15     | Bought a manual of Fire Magic for 1435 gold pieces
 42570 | Depths:3 | Learned a level 9 spell: Shatter
 42589 | Depths:3 | Bought a +0 pair of gloves of dexterity for 195 gold pieces
 42603 | Depths:3 | Bought a scroll of identify for 54 gold pieces
 42605 | Depths:3 | Bought a +1 pair of boots of running for 401 gold pieces
 42626 | Depths:3 | Learned a level 2 spell: Shroud of Golubria
 42628 | Zig:1    | Entered Level 1 of a ziggurat
 42759 | Zig:2    | Entered Level 2 of a ziggurat
 42787 | Zig:3    | Entered Level 3 of a ziggurat
 42788 | Zig:3    | Noticed Busykh the pandemonium lord
 42797 | Zig:3    | Killed Busykh the pandemonium lord
 42811 | Zig:3    | Got a coiled copper amulet
 42832 | Zig:3    | Identified the amulet "Xiorycez" {RegenMP *Corrode MR+
                  | Str+6} (You found it on level 3 of a ziggurat)
 42854 | Zig:4    | Entered Level 4 of a ziggurat
 42864 | Zig:4    | Noticed a shard shrike
 42872 | Zig:4    | Killed a shard shrike
 42875 | Zig:4    | Reached skill level 15 in Transmutations
 42978 | Zig:5    | Entered Level 5 of a ziggurat
 42985 | Zig:5    | Noticed Riapucip the pandemonium lord
 42998 | Zig:5    | Killed from afar by a Brimstone Fiend

Levels and vault maps discovered:
D:1:      dpeg_arrival_leaves_temple_mockup, layout_basic,
          nemelex_xobeh_ov_fountains_minmay
D:2:      layout_rooms
D:3:      layout_rooms, nicolae_ru_path_of_blood
D:4:      layout_loops_ring, dk_xom_monty_hall, uniq_menkaure, uniq_grinder
D:5:      layout_basic, vehumet_crystals, first_ration,
          gammafunk_ghost_nasty_kobolds, fedhas_altar_3
D:6:      layout_basic, nicolae_overflow_crystal_walls, basic_altar,
          ashenzari_altar_1
D:7:      layout_cave_pods, lemuel_round_altar, minmay_temple_entry_fiery,
          serial_shops, nicolae_shop_behind_doors, the_bakery
D:8:      layout_rooms
D:9:      layout_long_grid, gammafunk_temple_overflow_elements, st_stairs_14,
          minivault_28, uniq_erolcha, uniq_joseph
D:10:     layout_stronghold, lair_entry_dummy, erik_orc_1
D:11:     layout_rooms, gammafunk_ghost_necromancy, minmay_st_funbox
D:12:     layout_rooms, minmay_fountain_box, minmay_guarded_unrand_resistance,
          uniq_kirke, uniq_fannar, uniq_nergalle
D:13:     layout_gridville, david_vaults_4, basic_altar, minmay_misc_feat_chi,
          uniq_snorg
D:14:     layout_roguey [special_room_mythical_zoo], minmay_misc_feat_cross,
          serial_shops, nicolae_shop_stone, minivault_8
D:15:     hangedman_depths_entry_civil_slaughter, layout_grid_maze,
          serial_shops, shop, minivault_25
Temple:   eino_narrow_crystal_temple
Lair:1:   layout_regular_city, worms_lemuel, uniq_gastronok
Lair:2:   layout_cave_pods, guppyfry_snake_entry_garden, gauntlet_entry_generic
Lair:3:   beast_lair_carwin_large_4, layout_loops_ring,
          elwin_shoals_entry_rooms, st_stairs_7, infiniplex_staircase_pool
Lair:4:   layout_regular_city, serial_forest, infiniplex_forest_lined_4_way,
          infiniplex_forest_clump_diagonal, infiniplex_forest_lined_3,
          infiniplex_forest_straight_1, infiniplex_forest_end_2,
          zaba_antful_of_joy
Lair:5:   layout_long_grid, nicolae_slime_entry_slimehenge, grunt_megastairs_2,
          lemuel_fruit_fields
Lair:6:   minmay_lair_end_enchanted_forest, layout_long_grid,
          portal_ice_cave_entry_ice_beasts, grunt_megastairs_1, uniq_sonja
Shoals:1: layout_shoals, regret_index_shoals_crete
Shoals:2: layout_shoals, hangedman_shoals_cup_caves
Shoals:3: layout_shoals, serial_shops, nicolae_shop_trees, nicolae_shop_crystal,
          nicolae_shop_window_shopping, nicolae_shop_behind_doors, uniq_ilsuiw
Shoals:4: shoals_end_grunt_ice, layout_shoals, shoals_ilsuiw_ice
Snake:1:  layout_rooms, serial_shops, nicolae_shop_window_shopping,
          nicolae_shop_statue_plus, nicolae_shop_waterfront, shop, shop,
          basic_altar
Snake:2:  layout_gridlike, serial_bayou_pond_d
Snake:3:  layout_gridlike, serial_bayou_pond_d
Snake:4:  minmay_snake_end_coiled, layout_layer_cave, serial_bayou_pond_e
Orc:1:    layout_diamond_mine
Orc:2:    grunt_orc_tribal_feast, layout_diamond_mine
Depths:1: layout_gridville, hell_entry, rand_demon_pan_entry_1,
          minmay_crystal_room, minmay_room_of_horrors, minmay_misc_feat_tower,
          minmay_the_grid_square_5x5_3x3_mashed
          [minmay_the_grid_square_5x5_mess, minmay_the_grid_square_5x5_comb,
          minmay_the_grid_square_5x5_eight_small,
          minmay_the_grid_square_5x5_bite,
          minmay_the_grid_square_5x5_megaprize_crossed,
          minmay_the_grid_square_5x5_three_small,
          minmay_the_grid_square_5x5_broken_cross,
          minmay_the_grid_square_5x5_pentomino_r,
          minmay_the_grid_square_5x5_minimal]
Depths:2: minmay_tile_spiral, layout_long_grid, hell_entry,
          hangedman_abyss_or_decor_passed, grunt_ministairs_7,
          infiniplex_staircase_pillars_2, serial_bayou_shore_b, uniq_enchantress
Depths:3: lemuel_river_lethe, hell_entry, abyss_entry, pan_entry
Zig:5

Skill      XL: |  1  2  3  4  5  6  7  8  9 10 11 12 13 14 15 16 17 18 19 20 21 22 23 24 |
---------------+-------------------------------------------------------------------------+-----
Conjurations   | 1 2 3 4 6 |  6.0
Fire Magic     | 3 5 |  5.1
Air Magic      | 2 5 |  5.1
Necromancy     | 6 8 9 10 12 14 16 18 19 | 19.1
Charms         | 2 4 |  4.0
Dodging        | 3 5 6 7 8 |  8.0
Fighting       | 4 5 7 14 15 | 15.1
Armour         | 4 5 7 8 9 10 | 10.0
Shields        | 3 9 11 14 15 | 15.0
Spellcasting   | 6 7 12 15 18 | 18.0
Earth Magic    | 9 10 12 | 12.0
Transmutations | 7 12 13 15 | 15.1
Stealth        | |  2.4
Summonings     | |  1.0
Translocations | |  0.8

Action                   |  1- 3 |  4- 6 |  7- 9 | 10-12 | 13-15 | 16-18 | 19-21 | 22-24 || total
-------------------------+-------+-------+-------+-------+-------+-------+-------+-------++-------
Melee: Mace              |     5 |    18 |       |       |       |       |       |       ||    23
       Dagger            |       |    14 |       |       |       |       |       |       ||    14
       Staff             |       |       |       |     6 |       |       |       |       ||     6
       Pair of quick bla |       |       |       |       |       |       |       |     6 ||     6
       Demon whip        |       |       |       |       |       |       |       |     2 ||     2
 Fire: Hunting sling     |       |    17 |   338 |   717 |  1566 |  1332 |   201 |     1 ||  4172
       Longbow           |       |       |       |       |       |       |   426 |   467 ||   893
 Cast: Magic Dart        |    72 |    90 |    41 |       |     4 |       |       |       ||   207
       Mephitic Cloud    |       |     2 |    15 |    39 |    32 |     9 |    29 |     1 ||   127
       Conjure Flame     |       |     1 |    12 |    50 |    79 |    35 |    23 |    21 ||   221
       Regeneration      |       |       |     1 |    36 |    64 |    40 |    37 |    34 ||   212
       Sublimation of Bl |       |       |       |    32 |    73 |    78 |    55 |    62 ||   300
       Borgnjor's Vile C |       |       |       |    14 |   176 |   248 |   200 |   134 ||   772
       Dispel Undead     |       |       |       |     4 |     9 |     4 |     8 |    26 ||    51
       Bolt of Draining  |       |       |       |       |       |    10 |    25 |    24 ||    59
       Necromutation     |       |       |       |       |       |       |       |    21 ||    21
       Shroud of Golubri |       |       |       |       |       |       |       |     1 ||     1
Invok: Receive Necronomi |       |       |       |       |     1 |       |       |       ||     1
       Renounce Religion |       |       |       |       |     1 |       |       |       ||     1
       Call Merchant     |       |       |       |       |       |       |       |     3 ||     3
       Potion Petition   |       |       |       |       |       |       |       |     2 ||     2
 Abil: Dig               |       |     6 |     9 |    22 |    47 |    15 |    13 |    24 ||   136
       End Transformatio |       |       |       |       |       |       |       |     9 ||     9
Evoke: Wand              |       |       |       |     1 |     2 |       |       |       ||     3
  Use: Scroll            |       |     5 |       |    15 |    11 |     6 |     6 |     9 ||    52
       Potion            |       |     2 |       |       |     7 |       |     9 |     1 ||    19
 Stab: Confused          |       |     1 |       |       |       |       |       |       ||     1
  Eat: Chunk             |     2 |     7 |    13 |    26 |    14 |       |       |       ||    62
       Ration            |       |       |     1 |     1 |    21 |    11 |     7 |     5 ||    46
Armor: Robe              |     1 |    14 |     1 |       |       |       |       |       ||    16
       Ring mail         |       |       |    10 |       |       |       |       |       ||    10
       Leather armour    |       |       |    12 |    14 |       |       |       |       ||    26
       Troll leather arm |       |       |       |    22 |   204 |   135 |    65 |    72 ||   498
Dodge: Dodged            |     8 |    30 |    36 |   100 |   375 |   226 |   286 |   327 ||  1388
       Deflected         |       |       |       |       |       |       |     3 |     6 ||     9
Block: Buckler           |       |       |       |    13 |    11 |       |       |       ||    24
       Shield            |       |       |       |       |   428 |   319 |   298 |   280 ||  1325
